 Dungeon Crawl Stone Soup version 0.30-b1-2-g02819fbbbe (webtiles) character file.

Game seed: 17332573270537961000

1 Alarkh the Sneak (level 1, -5/18 HPs)
             Began as a Demonspawn Delver on May 22, 2023.
             Slain by a gnoll
             ... wielding a +0 halberd
             ... led by a gnoll bouda
              (10 damage)
             ... on level 4 of the Dungeon.
             The game lasted 00:00:50 (86 turns).

Alarkh the Sneak (Demonspawn Delver)                  Turns: 86, Time: 00:00:51

Health: -5/18      AC:  3    Str: 12    XL:     1   Next: 16%
Magic:  1/1        EV: 11    Int: 11    God:
Gold:   0          SH:  0    Dex: 14    Spells: 0/0 levels left

rFire   . .          .
                       - Unarmed
rCold   . . .        (no shield)
rNeg    . . .        a - +0 leather armour
rPois   .            (no helmet)
rElec   .            (no cloak)
rCorr   .            (no gloves)
SInv    .            (no boots)
Will    .....        (no amulet)
Stlth   +            (no ring)
HPRegen 0.23/turn    (no ring)
MPRegen 0.07/turn

%: no passive effects
@: confused
A: no striking features
a: no special abilities


You were on level 4 of the Dungeon.
You visited 1 branch of the dungeon, and saw 2 of its levels.

Inventory:

Armour
 a - a +0 leather armour (worn)
Wands
 f - a wand of digging (3)
Scrolls
 b - a scroll of fog
 d - a scroll of fear
Potions
 e - a potion of haste
 g - a potion of magic


   Skills:
 - Level 3.0 Fighting
 - Level 1.7 Dodging
 - Level 4.5 Stealth
 + Level 1.9 Unarmed Combat


You couldn't memorise any spells.
You didn't know any spells.
Your spell library was empty.

Dungeon Overview and Level Annotations

Branches:
Dungeon (5/15)             Temple (0/1) D:4

Altars:


Message History

The gnoll shouts!
You hear a shout!
A gnoll comes into view. It is wielding a +2 whip of draining.
As you read the scroll of magic mapping, it crumbles to dust.
You feel aware of your surroundings.
You sensed 2 altars.
A gnoll comes into view. It is wielding a +0 halberd.
A goblin and an orc wizard come into view.
The orc wizard is wielding a +2 dagger of venom.
The orc wizard shouts!
You hear a shout!
An orc wizard comes into view. It is wielding a +0 dagger.
The orc wizard gestures at you while chanting.
You are confused.
You hear a shout!
It was a potion of magic.
Magic courses through your body.
The orc shouts!
You hear a shout!
An ufetubus comes into view.
An orc comes into view. It is wielding a +0 hand axe.
The orc wizard mumbles some strange words.
The orc wizard flickers and vanishes!
Deactivating autopickup; reactivate with Ctrl-A.
The ufetubus moves out of view.
You're too confused to move!
The orc wizard gestures at you while chanting.
You are more confused. x2
Unknown command.
An orc comes into view. It is wielding a +0 whip.
The orc shouts!
A magic dart appears from out of thin air!
The magic dart hits you. The phantom hits you.
The orc wizard casts a spell at you.
You are more confused.
You're too confused to move!
The orc wizard gestures at you while chanting.
The magic dart hits you! The phantom barely misses you.
You bump into the rock wall.
The phantom hits you.
* * * LOW HITPOINT WARNING * * *
You bump into the rock wall.
The phantom misses you.
The gnoll hits you from afar with a +0 halberd!
Ouch! That really hurt!
You die...

*** *,,........#,******,*
,,******,,...>.o...,* *,******
,,,,,,,,,,....o...########=#.,,,,
*,****,**,##...##.#..........,,,,
,,,***,**,**.og##o...>.....w.****
,,,,**,**,,,,,...g#..#####.##****
,,,,,*,***<***##...#.## *,* #.,,
,,,<,,,**#.######o###.####$# #.**
,,,,,****.......@W.#.......# #.#
,,,*,,,,,.....####g..#########.##
*********.##*** #...# ##...#
****** *,* #...# ###..... **,,,*
*,* #...#####....... *,,,* *,*
#......##.#..... ******* *,*
#....#....##...# *,,,,,* *,*
#......######.## *,,_,,* *,*
##..###W.W..g.#


You could see a phantom, an orc wizard, a gnoll, an orc and a goblin.

Vanquished Creatures
  A quokka (D:4)
1 creature vanquished.

Notes
Turn   | Place    | Note
-------+----------+-------------------------------------------
     0 | D:5      | Alarkh the Demonspawn Delver began the quest for the Orb.
     0 | D:5      | Reached XP level 1. HP: 18/18 MP: 1/1
     2 | D:5      | Noticed a phantom
    13 | D:5      | Noticed a water moccasin
    24 | D:4      | Found a staircase to the Ecumenical Temple.
    61 | D:4      | Noticed a phantom
    79 | D:4      | Noticed an orc wizard
    79 | D:4      | Noticed an orc wizard
    86 | D:4      | Slain by a gnoll

Illustrated notes

Levels and vault maps discovered:
D:4:      layout_loops_ring, zin_scriptorium, kennysheep_little_box,
          minmay_temple_entry_stoned_glass
D:5:      layout_basic, mainiacjoe_overflow_24_doors, uniq_eustachio

Action                     || total
---------------------------++-------
  Melee: Unarmed           ||     4
    Use: Scroll            ||     1
         Potion            ||     1
   Stab: Sleeping          ||     1
 Armour: Leather armour    ||     2
  Dodge: Dodged            ||     3
